 Dungeon Crawl Stone Soup version 0.18-a0-117-g77bb7e1 (webtiles) character file.

32 ReteAZ the Insei (level 3, -2/23 HPs)
             Began as an Octopode Transmuter on Nov 18, 2015.
             Slain by Sigmund
             ... wielding a +0 scythe
              (4 damage)
             ... on level 3 of the Dungeon.
             The game lasted 00:01:26 (1565 turns).

ReteAZ the Insei (Octopode Transmuter)              Turns: 1565, Time: 00:01:26

Health: -2/23      AC:  1    Str:  9    XL:     3   Next: 27%
Magic:  13/15      EV: 12    Int: 15    God:
Gold:   104        SH:  0    Dex: 13    Spells: 2 memorised, 3 levels left

rFire  . . .     SeeInvis .       - Unarmed
rCold  . . .     Clarity  .     (no shield)
rNeg   . . .     SustAt   .     (helmet restricted)
rPois  .         Gourm    .     (no amulet)
rElec  .         Spirit   .     e - ring of magical power (curse)
rCorr  .         Warding  .     (no ring)
rMut   .         Stasis   .     (no ring)
MR     .....                    (no ring)
Stlth  +++.......               (no ring)
                                (no ring)
                                (no ring)
                                (no ring)

@: not resistant to hostile enchantments, fairly stealthy
A: almost no armour, amphibious, 8 rings, constrict 8, camouflage 1, gelatinous
body 1
a: no special abilities


You were on level 3 of the Dungeon.
You were not hungry.

You visited 1 branch of the dungeon, and saw 3 of its levels.

You collected 104 gold pieces.

Inventory:

Missiles
 a - 34 arrows
 h - 12 arrows of dispersal
Jewellery
 e - a cursed ring of magical power (left tentacle)
Scrolls
 d - a scroll of blinking {unknown}
 f - a scroll of recharging {unknown}
 g - 2 scrolls of enchant armour {unknown}
 i - a scroll of enchant weapon {unknown}
 j - a scroll of fog {unknown}
 n - 2 scrolls of remove curse {unknown}
 p - a scroll of amnesia {unknown}
Potions
 k - a potion of curing {unknown}
 m - a potion of mutation {unknown}
Books
 b - a book of Changes

   Spells                             Type                      Level
   a - Beastly Appendage              Transmutation                1
   b - Sticks to Snakes               Transmutation                2
   c - Spider Form                    Transmutation/Poison         3
   d - Ice Form                       Ice/Transmutation            4
   e - Blade Hands                    Transmutation                5
Comestibles
 c - 5 bread rations {@e1}
 l - a royal jelly
 o - a slice of pizza


   Skills:
 - Level 1.0 Fighting
 + Level 2.2 Dodging
 + Level 0.8 Stealth
 * Level 4.0 Unarmed Combat
 - Level 2.0 Spellcasting
 - Level 2.0 Transmutations


You had 3 spell levels left.
You knew the following spells:

 Your Spells              Type           Power        Failure   Level  Hunger
a - Beastly Appendage     Trmt           #.....       12%         1    #......
b - Sticks to Snakes      Trmt           #.........   14%         2    ###....


Dungeon Overview and Level Annotations

Branches:
Dungeon (3/15)

Altars:
Elyvilon
Gozag
Qazlal

Annotations:
D:3 Sigmund


Innate Abilities, Weirdness & Mutations

You cannot wear most types of armour.
You are amphibious.
You can wear up to eight rings at the same time.
You can use your tentacles to constrict eight enemies at once.
Your skin changes colour to match your surroundings (Stealth).
Your rubbery body absorbs attacks (AC +1).


Message History

Sigmund is nearby!
Sigmund closely misses you.
A rat comes into view.
There is a stone staircase leading down here.
You tentacle-slap Sigmund. Your grab misses Sigmund.
Sigmund is lightly wounded.
You barely miss Sigmund. You grab Sigmund. Your squeeze misses Sigmund.
Sigmund is lightly wounded.
You constrict Sigmund, but do no damage.
Sigmund hits you with a scythe!
You release your grip on Sigmund.
You climb downwards.
There is a stone staircase leading up here.
Cast which spell? (? or * to list)
You create a snake!
Sigmund points at you and mumbles some strange words.
The puff of flame hits you!
* * * LOW HITPOINT WARNING * * *
Sigmund hits you from afar with a scythe.
You die...

. #.# ## .... #.
#..#.######
..#.....<@..#.#
.......@........
.......#S#..#...
.......#....# .
####...###.##
#... ... #...
... #... ...
#... ...


You could see Sigmund and a friendly ball python.

Vanquished Creatures
  An adder (D:2)
  A giant cockroach (D:1)
  4 goblins
  3 hobgoblins
  3 jackals (D:2)
  A ball python (D:1)
  3 giant newts
  4 kobolds
  3 rats (D:1)
23 creatures vanquished.

Notes
Turn   | Place    | Note
--------------------------------------------------------------
     0 | D:1      | ReteAZ the Octopode Transmuter began the quest for the Orb.
     0 | D:1      | Reached XP level 1. HP: 13/13 MP: 3/3
   539 | D:1      | Reached XP level 2. HP: 18/18 MP: 5/5
   543 | D:1      | Learned a level 2 spell: Sticks to Snakes
  1126 | D:2      | Found a stormy altar of Qazlal.
  1126 | D:2      | Found an opulent altar of Gozag.
  1128 | D:2      | Found a white marble altar of Elyvilon.
  1296 | D:2      | Reached skill level 4 in Unarmed Combat
  1296 | D:2      | Reached XP level 3. HP: 17/23 MP: 6/6
  1555 | D:2      | Noticed Sigmund
  1565 | D:3      | Slain by Sigmund

Vault maps used:
D:1:      tarquinn_simple_flora_water_d, serial_park_tiny_pond
D:2:      grunt_temple_overflow_open, first_bread, serial_bayou,
          serial_bayou_pond_a, serial_bayou_lagoon_b, serial_bayou_pond_c,
          serial_bayou_crossing, uniq_sigmund

Action                   || total
-------------------------++-------
Melee: Unarmed           ||    49
 Cast: Sticks to Snakes  ||     1
 Stab: Sleeping          ||     3
  Eat: Chunk             ||     2
